 Dungeon Crawl Stone Soup version 0.23.1 (webtiles) character file.

Game seed: 11728185179115522868

80 Borgoz the Sneak (level 4, 0/35 HPs)
             Began as a Ghoul Enchanter on Mar 3, 2019.
             Slain by a gnoll
             ... wielding a +0 spear
              (4 damage)
             ... on level 2 of the Dungeon.
             The game lasted 00:04:01 (2750 turns).

Borgoz the Sneak (Ghoul Enchanter)                  Turns: 2750, Time: 00:04:02

Health: 0/35       AC:  2    Str: 11    XL:     4   Next: 39%
Magic:  5/5        EV: 12    Int: 10    God:
Gold:   74         SH:  0    Dex: 10    Spells: 3/6 levels left

rFire    . . .     SeeInvis .   f - +1 short sword
rCold    + . .     Gourm    .   (no shield)
rNeg     + + +     Faith    .   b - +0 robe
rPois    ∞         Spirit   .   (no helmet)
rElec    .         Reflect  .   (no cloak)
rCorr    .         Harm     .   (no gloves)
MR       .....                  (no boots)
Stlth    ++........             (no amulet)
HPRegen  0.00/turn              (no ring)
MPRegen  0.09/turn              (no ring)

@: rotting
A: rotting body, claws 1, carnivore, cold resistance 1, negative energy
resistance 3, inhibited regeneration, torment resistance, unbreathing
a: no special abilities


You were on level 2 of the Dungeon.
You were not hungry.

You visited 1 branch of the dungeon, and saw 3 of its levels.

You collected 74 gold pieces.

Inventory:

Hand Weapons
 f - a +1 short sword (weapon)
Armour
 b - a +0 robe (worn)
Scrolls
 a - 3 scrolls of enchant weapon
Potions
 e - a potion of curing {unknown}
Comestibles
 c - a chunk of flesh
 d - 5 rations


   Skills:
 + Level 1.3 Fighting
 * Level 2.0 Short Blades
 + Level 1.0 Armour
 * Level 2.7 Dodging
 + Level 3.7 Stealth
 - Level 1.7 Spellcasting
 - Level 2.4 Hexes


You had 3 spell levels left.
You knew the following spells:

 Your Spells              Type           Power        Failure   Level  Hunger
a - Corona                Hex            #......      12%         1    ##.....
b - Ensorcelled Hibernat  Hex/Ice        #.....       30%         2    ###....

Your spell library contained the following spells:

 Spells                   Type           Power        Failure   Level  Hunger
 Apportation              Tloc           #.....       32%         1    ##.....
 Summon Butterflies       Summ           #.......     32%         1    ##.....
 Confuse                  Hex            #.......     34%         3    ####...
 Tukima's Dance           Hex            #.......     34%         3    ####...
 Dazzling Spray           Conj/Hex       #.....       52%         3    ####...
 Lesser Beckoning         Tloc           #.........   67%         3    ####...
 Alistair's Intoxication  Tmut/Pois      #.......     100%        5    ######.
 Invisibility             Hex            #.......     100%        6    #######


Dungeon Overview and Level Annotations

Branches:
Dungeon (3/15)

Altars:


Innate Abilities, Weirdness & Mutations

Your body is rotting away.
You thrive on raw meat.
You are immune to poison.
You have sharp fingernails.
You are carnivorous and can eat meat at any time.
Your flesh is cold resistant. (rC+)
You are immune to negative energy. (rN+++)
You do not regenerate when monsters are visible.
You are immune to unholy pain and torment.
You can survive without breathing.


Message History

You barely miss the gnoll.
The gnoll is heavily wounded.
The gnoll misses you. The gnoll hits you with a +0 halberd.
Eat one of 3 chunks of flesh? (ye/n/q)
You eat one of the 3 chunks of flesh.
This raw flesh tastes great!
The gnoll hits you from afar with a +0 spear.
The gnoll misses you.
You hit the gnoll.
You kill the gnoll!
Your Short Blades skill increases to level 2!
Your Armour skill increases to level 1!
The gnoll hits you from afar with a +0 spear!
* * * LOW HITPOINT WARNING * * *
The gnoll hits you with a +0 spear!
* * * LOW HITPOINT WARNING * * *
You see here a +0 halberd.
Eat one of 2 chunks of flesh? (ye/n/q)
You eat one of the 2 chunks of flesh.
This raw flesh tastes great!
The gnoll hits you with a +0 spear.
You die...

#.# #.# #.#.#. #..# #.# #.#
#.#.#.#####..#
###.######.###.#.#........#
.............#.#g##..# #gg#
###.#..........#.##.# ##.#
#.#.####.#<###g..g# #.#
#.#.# #.#.######.## ##.#
###.#.####..#.#####..###.##
...........###..@gg.#...##
#####.#####.#.########.##
#.# ##.## #.# #.# #.# #.#
#.# #.## #.# #.# #..# #.#
#.# ##.# #.# #.# #.# #.#
#.# #.# #####.#


You could see 2 gnolls.

Vanquished Creatures
  2 gnolls (D:2)
  2 oozes
  4 worms (D:2)
  2 dart slugs (D:2)
  An orc (D:2)
  A bat (D:1)
  A giant cockroach (D:1)
  5 goblins (D:2)
  4 hobgoblins
  5 kobolds
  A ball python (D:2)
  7 frilled lizards
  4 rats
39 creatures vanquished.

Notes
Turn   | Place    | Note
-------+----------+-------------------------------------------
     0 | D:1      | Borgoz the Ghoul Enchanter began the quest for the Orb.
     0 | D:1      | Reached XP level 1. HP: 14/14 MP: 2/2
    21 | D:1      | Reached skill level 1 in Short Blades
   240 | D:1      | Reached XP level 2. HP: 9/22 MP: 3/3
  1322 | D:2      | Reached XP level 3. HP: 4/25 MP: 4/4
  1552 | D:2      | Learned a level 2 spell: Ensorcelled Hibernation
  1559 | D:2      | Reached skill level 1 in Fighting
  2271 | D:2      | Reached XP level 4. HP: 15/34 MP: 0/5
  2748 | D:2      | Reached skill level 1 in Armour
  2749 | D:2      | HP: 1/35 [gnoll/+0 spear (8)]
  2750 | D:2      | Slain by a gnoll

Skill      XL: |  1  2  3  4 |
---------------+-------------+-----
Short Blades   | 1 2 |  2.0
Dodging        | 2 |  2.7
Fighting       | 1 |  1.3
Armour         | 1 |  1.0
Stealth        | |  3.7
Spellcasting   | |  1.7
Hexes          | |  2.4

Action                   |  1- 3 |  4- 6 || total
-------------------------+-------+-------++-------
Melee: Dagger            |    43 |       ||    43
       Short sword       |    96 |    30 ||   126
 Cast: Ensorcelled Hiber |     2 |       ||     2
  Use: Potion            |     1 |       ||     1
       Scroll            |       |     4 ||     4
 Stab: Sleeping          |    14 |     1 ||    15
  Eat: Chunk             |     7 |     6 ||    13
Armor: Robe              |    17 |     2 ||    19
Dodge: Dodged            |    70 |    29 ||    99
